SL
NEW AMSTERDAM DUTCHMEN @ ST. LOUIS COEUR
07/02/2034
 
TOP OF THE 1ST
New Amsterdam Dutchmen batting - Pitching for St. Louis Coeur : RHP Nebosja Draskovic
Pitching: RHP Nebosja Draskovic
Batting: LHB Dallas McMurran 0-0: Ball
1-0: Foul Ball, location: 2F
1-1: Ball
2-1: Foul Ball, location: 2F
2-2: Fly out, F6 (Popup, P)
Batting: LHB Takayuki Yoshikawa 0-0: Ball
1-0: Ball
2-0: Swinging Strike
2-1: Reached on error, E6 (Popup, 6)
Batting: RHB António Martínez 0-0: Called Strike
0-1: Ball
1-1: Ball
Takayuki Yoshikawa steals 2nd base
2-1: Ball
3-1: Fly out, F7 (Flyball, 7)
Batting: LHB Carlos Campos 0-0: Called Strike
0-1: Ball
1-1: Called Strike
1-2: Ground out 4-3 (Groundball, 4)
Top of the 1st over - 0 runs, 0 hits, 1 error, 1 left on base; New Amsterdam 0 - St. Louis 0
BOTTOM OF THE 1ST
St. Louis Coeur batting - Pitching for New Amsterdam Dutchmen : LHP Walt Coffman
Pitching: LHP Walt Coffman
Batting: LHB Noel Ballard 0-0: Called Strike
0-1: Called Strike
0-2: Foul Ball, location: 2F
0-2: Ball
1-2: Hit by Pitch
Batting: RHB Tumas Wenzu 0-0: Fly out, F5 (Line Drive, 56)
Batting: RHB Nobuhisa Murakami 0-0: Fly out, F4 (Line Drive, 4M)
Batting: RHB Syed Sarkar 0-0: Swinging Strike
0-1: Ball
Wild Pitch!
Noel Ballard to second
1-1: Called Strike
1-2: Fly out, F7 (Flyball, 7LS)
Bottom of the 1st over - 0 runs, 0 hits, 0 errors, 1 left on base; New Amsterdam 0 - St. Louis 0
TOP OF THE 2ND
New Amsterdam Dutchmen batting - Pitching for St. Louis Coeur : RHP Nebosja Draskovic
Batting: LHB SaQwan Hackett 0-0: Ball
1-0: Swinging Strike
1-1: Ground out 1-3 (Groundball, 13)
Batting: RHB Kyle Vandenbrink 0-0: Ball
1-0: Swinging Strike
1-1: Foul Ball, location: 2F
1-2: Ball
2-2: Ball
3-2: Strikes out swinging
Batting: RHB Ricardo Pulido 0-0: Called Strike
0-1: Swinging Strike
0-2: Ball
1-2: Ball
2-2: Strikes out looking
Top of the 2nd over - 0 runs, 0 hits, 0 errors, 0 left on base; New Amsterdam 0 - St. Louis 0
BOTTOM OF THE 2ND
St. Louis Coeur batting - Pitching for New Amsterdam Dutchmen : LHP Walt Coffman
Batting: LHB Albert Morán 0-0: Hit by Pitch
Batting: RHB Phil McCroskey 0-0: Foul Ball, location: 2F
0-1: Ball
1-1: Ball
2-1: Foul Ball, location: 2F
2-2: Ball
3-2: Base on Balls
Albert Morán to second
Batting: LHB Ki-tak Im 0-0: Called Strike
0-1: Ball
1-1: Called Strike
1-2: Fly out, F9 (Flyball, 9S)
Batting: LHB Kade Eagleton 0-0: Ball
1-0: Ball
2-0: Ball
3-0: Base on Balls
Albert Morán to third
Phil McCroskey to second
Batting: RHB José Santos 0-0: Fielders Choice at 2nd, 3-6 (Groundball, 34)
Albert Morán scores
Phil McCroskey to third
Batting: LHB Noel Ballard 0-0: Ball
1-0: Foul Ball, location: 2F
1-1: Ball
2-1: Foul Ball, location: 2F
2-2: Foul Ball, location: 2F
2-2: Foul Ball, location: 2F
Balk!
Phil McCroskey scores
José Santos to second
2-2: Ball
3-2: Foul Ball, location: 2F
3-2: Foul Ball, location: 2F
3-2: Ground out 5-3 (Groundball, 5L)
Bottom of the 2nd over - 2 runs, 0 hits, 0 errors, 1 left on base; New Amsterdam 0 - St. Louis 2
TOP OF THE 3RD
New Amsterdam Dutchmen batting - Pitching for St. Louis Coeur : RHP Nebosja Draskovic
Batting: RHB Heherson Inaris 0-0: Called Strike
0-1: Called Strike
0-2: Ball
1-2: Strikes out swinging
Batting: RHB Pablo Ledesma 0-0: Fly out, F8 (Flyball, 8LS)
Batting: LHB Dallas McMurran 0-0: Ground out 6-3 (Groundball, 6)
Top of the 3rd over - 0 runs, 0 hits, 0 errors, 0 left on base; New Amsterdam 0 - St. Louis 2
BOTTOM OF THE 3RD
St. Louis Coeur batting - Pitching for New Amsterdam Dutchmen : LHP Walt Coffman
Batting: RHB Tumas Wenzu 0-0: Ball
1-0: Foul Ball, location: 2F
1-1: Foul Ball, location: 2F
1-2: Foul Ball, location: 2F
1-2: Foul Ball, location: 2F
1-2: Ball
2-2: Ball
3-2: Ground out 4-3 (Groundball, 4S)
Batting: RHB Nobuhisa Murakami 0-0: SOLO HOME RUN (Flyball, 7D), Distance : 418 ft
Batting: RHB Syed Sarkar 0-0: Ball
1-0: Ball
2-0: Called Strike
2-1: Ball
3-1: Base on Balls
Batting: LHB Albert Morán 0-0: Swinging Strike
0-1: Ball
1-1: Fly out, F7 (Line Drive, 7D)
Batting: RHB Phil McCroskey 0-0: Ball
1-0: Called Strike
1-1: Fly out, F8 (Line Drive, 8LM)
Bottom of the 3rd over - 1 run, 1 hit, 0 errors, 1 left on base; New Amsterdam 0 - St. Louis 3
TOP OF THE 4TH
New Amsterdam Dutchmen batting - Pitching for St. Louis Coeur : RHP Nebosja Draskovic
Batting: LHB Takayuki Yoshikawa 0-0: Called Strike
0-1: Swinging Strike
0-2: Foul Ball, location: 2F
0-2: Strikes out swinging
Batting: RHB António Martínez 0-0: Foul Ball, location: 2F
0-1: Ground out 5-3 (Groundball, 56)
Batting: LHB Carlos Campos 0-0: Swinging Strike
0-1: Ball
1-1: Swinging Strike
1-2: Foul Ball, location: 2F
1-2: Strikes out swinging
Top of the 4th over - 0 runs, 0 hits, 0 errors, 0 left on base; New Amsterdam 0 - St. Louis 3
BOTTOM OF THE 4TH
St. Louis Coeur batting - Pitching for New Amsterdam Dutchmen : LHP Walt Coffman
Batting: LHB Ki-tak Im 0-0: Called Strike
0-1: Ball
1-1: Ground out U3 (Groundball, 3L)
Pitching: RHP Bo Reid
Batting: LHB Kade Eagleton 0-0: Ball
1-0: Foul Ball, location: 2F
1-1: Foul Ball, location: 2F
1-2: Ball
2-2: Fly out, F3 (Line Drive, 3SF)
Batting: RHB José Santos 0-0: SINGLE (Flyball, 9S)
Batting: LHB Noel Ballard 0-0: Ball
1-0: Ball
2-0: Ball
3-0: Called Strike
3-1: Base on Balls
José Santos to second
Batting: RHB Tumas Wenzu 0-0: Ball
1-0: Ball
2-0: Called Strike
2-1: SINGLE (Line Drive, 9LM)
José Santos to third
Noel Ballard to second
Runner from 3rd tries for Home, SAFE, no throw
Batting: RHB Nobuhisa Murakami 0-0: Ball
1-0: Foul Ball, location: 2F
1-1: DOUBLE (Groundball, 3L)
Noel Ballard scores
Tumas Wenzu to third
Runner from 3rd tries for Home, SAFE, no throw
Pitching: LHP José Sipe
Batting: RHB Syed Sarkar 0-0: Ball
1-0: Called Strike
1-1: Ball
2-1: Foul Ball, location: 2F
2-2: Ball
3-2: DOUBLE (Line Drive, 8LD)
Nobuhisa Murakami scores
Batting: LHB Albert Morán 0-0: SINGLE (Line Drive, 9LS)
Syed Sarkar to third
Batting: RHB Phil McCroskey 0-0: Ball
Wild Pitch!
Syed Sarkar scores
Albert Morán to second
1-0: Foul Ball, location: 2F
1-1: DOUBLE (Line Drive, 8LXD)
Albert Morán scores
Batting: LHB Ki-tak Im 0-0: SINGLE (Groundball, 4MD)
Phil McCroskey to third
Runner from 3rd tries for Home, SAFE, no throw
Batting: LHB Kade Eagleton 0-0: Ball
1-0: Foul Ball, location: 2F
1-1: Fly out, F7 (Line Drive, 78S)
Bottom of the 4th over - 7 runs, 7 hits, 0 errors, 1 left on base; New Amsterdam 0 - St. Louis 10
TOP OF THE 5TH
New Amsterdam Dutchmen batting - Pitching for St. Louis Coeur : RHP Nebosja Draskovic
Batting: LHB SaQwan Hackett 0-0: Ball
1-0: Ball
2-0: Foul Ball, location: 2F
2-1: SINGLE (Groundball, 34S) (infield hit)
Batting: RHB Kyle Vandenbrink 0-0: Called Strike
0-1: Foul Ball, location: 2F
0-2: Strikes out swinging
Batting: RHB Ricardo Pulido 0-0: Foul Ball, location: 2F
0-1: Ball
1-1: Fly out, F9 (Flyball, 9S)
Batting: RHB Heherson Inaris 0-0: Foul Ball, location: 2F
0-1: SINGLE (Groundball, 13S) (infield hit)
SaQwan Hackett to second
Batting: RHB Pablo Ledesma 0-0: Ball
1-0: Ball
2-0: Ball
3-0: Base on Balls
SaQwan Hackett to third
Heherson Inaris to second
Batting: LHB Dallas McMurran 0-0: Called Strike
0-1: Fielders Choice at 2nd, 5-4 (Groundball, 56)
Top of the 5th over - 0 runs, 2 hits, 0 errors, 3 left on base; New Amsterdam 0 - St. Louis 10
BOTTOM OF THE 5TH
St. Louis Coeur batting - Pitching for New Amsterdam Dutchmen : LHP José Sipe
Batting: RHB José Santos 0-0: Fly out, F8 (Flyball, 8RS)
Batting: LHB Noel Ballard 0-0: Called Strike
0-1: Ball
1-1: Called Strike
1-2: Foul Ball, location: 2F
1-2: Foul Ball, location: 2F
1-2: Strikes out swinging
Batting: RHB Tumas Wenzu 0-0: Foul Ball, location: 2F
0-1: Ball
1-1: Ball
2-1: Foul Ball, location: 2F
2-2: Ground out 1-3 (Groundball, 15S)
Bottom of the 5th over - 0 runs, 0 hits, 0 errors, 0 left on base; New Amsterdam 0 - St. Louis 10
TOP OF THE 6TH
New Amsterdam Dutchmen batting - Pitching for St. Louis Coeur : RHP Nebosja Draskovic
Pinch Hitting: RHB Júlio Flores 0-0: Ball
1-0: Called Strike
1-1: Swinging Strike
1-2: Ball
2-2: Strikes out swinging
Batting: RHB António Martínez 0-0: DOUBLE (Line Drive, 7LM)
Batting: LHB Carlos Campos 0-0: Ball
1-0: Called Strike
António Martínez is caught stealing 3rd base
1-1: SINGLE (Groundball, 34D)
Batting: LHB SaQwan Hackett 0-0: Ground out 4-3 (Groundball, 4S)
Top of the 6th over - 0 runs, 2 hits, 0 errors, 1 left on base; New Amsterdam 0 - St. Louis 10
BOTTOM OF THE 6TH
St. Louis Coeur batting - Pitching for New Amsterdam Dutchmen : LHP José Sipe
Now in CF: Kyu-cheol Kye
Batting: RHB Nobuhisa Murakami 0-0: Called Strike
0-1: Foul Ball, location: 2F
0-2: Ball
1-2: Fly out, F8 (Flyball, 8RXD)
Batting: RHB Syed Sarkar 0-0: Ball
1-0: DOUBLE (Line Drive, 7LD)
Batting: LHB Albert Morán 0-0: Swinging Strike
0-1: Ball
Wild Pitch!
Syed Sarkar to third
1-1: Foul Ball, location: 2F
1-2: Ball
2-2: Fly out, F9 (Flyball, 89S)
Runner from 3rd tags up, SCORES, throw made
Batting: RHB Phil McCroskey 0-0: Ball
1-0: Ball
2-0: Fly out, F7 (Line Drive, 78M)
Bottom of the 6th over - 1 run, 1 hit, 0 errors, 0 left on base; New Amsterdam 0 - St. Louis 11
TOP OF THE 7TH
New Amsterdam Dutchmen batting - Pitching for St. Louis Coeur : RHP Nebosja Draskovic
Batting: RHB Kyle Vandenbrink 0-0: Swinging Strike
0-1: Swinging Strike
0-2: Strikes out swinging
Batting: RHB Ricardo Pulido 0-0: Ball
1-0: Foul Ball, location: 2F
1-1: Foul Ball, location: 2F
1-2: Foul Ball, location: 2F
1-2: Foul Ball, location: 2F
1-2: Foul Ball, location: 2F
1-2: Foul Ball, location: 2F
1-2: Ball
2-2: Strikes out swinging
Batting: RHB Heherson Inaris 0-0: Called Strike
0-1: Ground out 4-3 (Groundball, 4)
Top of the 7th over - 0 runs, 0 hits, 0 errors, 0 left on base; New Amsterdam 0 - St. Louis 11
BOTTOM OF THE 7TH
St. Louis Coeur batting - Pitching for New Amsterdam Dutchmen : LHP José Sipe
Batting: LHB Ki-tak Im 0-0: Ball
1-0: Foul Ball, location: 2F
1-1: Foul Ball, location: 2F
1-2: Ball
2-2: SINGLE (Line Drive, 56D)
Batting: LHB Kade Eagleton 0-0: Grounds into double play, 4-6-3 (Groundball, 4M)
Pinch Hitting: RHB Raúl Ortíz 0-0: Ball
1-0: Ball
2-0: Ball
3-0: Called Strike
3-1: SINGLE (Groundball, 56D)
Batting: LHB Noel Ballard 0-0: Foul Ball, location: 2F
0-1: Ball
1-1: Ball
2-1: Foul Ball, location: 2F
2-2: Ball
3-2: Ground out U3 (Groundball, 3)
Bottom of the 7th over - 0 runs, 2 hits, 0 errors, 1 left on base; New Amsterdam 0 - St. Louis 11
TOP OF THE 8TH
New Amsterdam Dutchmen batting - Pitching for St. Louis Coeur : RHP Nebosja Draskovic
Now at 3B: Raúl Ortíz
Batting: RHB Pablo Ledesma 0-0: Called Strike
0-1: Swinging Strike
0-2: Strikes out swinging
Batting: LHB Dallas McMurran 0-0: Ball
1-0: Ball
2-0: Foul Ball, location: 2F
2-1: Ball
3-1: Foul Ball, location: 2F
3-2: Base on Balls
Batting: RHB Kyu-cheol Kye 0-0: Foul Ball, location: 2F
0-1: Ball
1-1: Ball
2-1: Foul Ball, location: 2F
2-2: Strikes out swinging
Batting: RHB António Martínez 0-0: Called Strike
0-1: Ground out 1-3 (Groundball, 15)
Top of the 8th over - 0 runs, 0 hits, 0 errors, 1 left on base; New Amsterdam 0 - St. Louis 11
BOTTOM OF THE 8TH
St. Louis Coeur batting - Pitching for New Amsterdam Dutchmen : LHP José Sipe
Batting: RHB Tumas Wenzu 0-0: Ball
1-0: Ball
2-0: Ball
3-0: Base on Balls
Pitching: RHP Ernest Hawks
Batting: RHB Nobuhisa Murakami 0-0: Called Strike
0-1: Fly out, F7 (Flyball, 7)
Batting: RHB Syed Sarkar 0-0: Fly out, F8 (Flyball, 8LD)
Batting: LHB Albert Morán 0-0: Ball
1-0: Fly out, F4 (Popup, 4S)
Bottom of the 8th over - 0 runs, 0 hits, 0 errors, 1 left on base; New Amsterdam 0 - St. Louis 11
TOP OF THE 9TH
New Amsterdam Dutchmen batting - Pitching for St. Louis Coeur : RHP Nebosja Draskovic
Batting: LHB Carlos Campos 0-0: Ball
1-0: Ball
2-0: Ball
3-0: Base on Balls
Batting: LHB SaQwan Hackett 0-0: Ball
1-0: Grounds into double play, 1-6-3 (Groundball, 13)
Batting: RHB Kyle Vandenbrink 0-0: Called Strike
0-1: Foul Ball, location: 2F
0-2: Ground out 5-3 (Groundball, 56)
Top of the 9th over - 0 runs, 0 hits, 0 errors, 0 left on base; New Amsterdam 0 - St. Louis 11
Friday, March 29th, 2019 - OOTP Baseball 18.8 Build 76